cohdb
Replays
Latest Replays
All Replays
Popular Replays
Top Player Replays
Match Explorer
How It Works
Community
CoH3 Stats
Reddit
Sign in to upload your games and track your stats! →
Sign in with Steam
Match 45672183
Unlisted
Match 45672183
Overview
Messages
Build Orders
End
Panzergrenadier Squad
Selects Panzerjäger Kommand Battlegroup
Selects Blockade Equipment
250 Light Carrier
Panzergrenadier Squad
Construct Light Support Kompanie
Combat Half-tracks
Selects GrB 39 Grenade Launcher Requisition
Construct Mechanized Kompanie
Veteran Squad Leaders
Support Armor Elements
Assault Mechanized Group
StuG III D Assault Gun
Selects Defensive Positions
Vehicle Survival Package
2.5-tonne Medical Truck
Selects Crew Shock Tactics
Rapid Advance
Construct Panzerarmee Kommand
Emergency Repair Kits
Armored Reserves
Panzer IV Assault Group
Tungsten Core Ammunition
Selects Anti-tank Overwatch
Pak 38 Anti-tank Gun Team
Anti-tank Overwatch
Anti-tank Overwatch
Wolf 0815
Büffel
Gatom
M1k3H4lt0n
chiuchiu63333
一杆大长枪的爹
0
0
Comments
sign in to comment!
No comments posted yet!